 Dungeon Crawl Stone Soup version 0.24.0-13-gcf9b3192b9 (webtiles) character file.

Game seed: 5889819596325026743, levelgen mode: deterministic

6578 CurryBlack the Thaumaturge (level 10, 0/44 HPs)
             Began as a Spriggan Venom Mage on Nov 10, 2019.
             Was a Believer of Sif Muna.
             Splashed by an acid dragon's acid (13 damage)
             ... on level 11 of the Dungeon.
             The game lasted 01:40:55 (18072 turns).

CurryBlack the Thaumaturge (Spriggan Venom Mage)   Turns: 18072, Time: 01:40:56

Health: 0/44       AC:  3    Str:  4    XL:     10   Next: 71%
Magic:  34/34      EV: 26    Int: 24    God:    Sif Muna [**....]
Gold:   642        SH:  0    Dex: 18    Spells: 11/30 levels left

rFire    + . .     SeeInvis +   q - +1 dagger (venom)
rCold    . . .     Gourm    .   (shield restricted)
rNeg     . . .     Faith    .   N - +0 robe of the Desolation of Salt {rF+ MP+9 Int+5}
rPois    .         Spirit   .   (helmet restricted)
rElec    .         Reflect  .   k - +0 cloak
rCorr    .         Harm     .   (gloves unavailable)
MR       +....                  (boots unavailable)
Stlth    +++++.....             (no amulet)
HPRegen  0.14/turn              (no ring)
MPRegen  0.24/turn              (no ring)

@: very quick
A: very small, unfitting armour, see invisible, herbivore, speed 3, slow
metabolism 2
a: Channel Magic, Renounce Religion


You were on level 11 of the Dungeon.
You worshipped Sif Muna.
Sif Muna was pleased with you.
You were not hungry.

You visited 2 branches of the dungeon, and saw 12 of its levels.
You also visited: Sewer.

You collected 642 gold pieces.

Inventory:

Hand Weapons
 q - a +1 dagger of venom (weapon)
 E - a +0 shortbow
Missiles
 b - 102 arrows
 g - 76 bolts
 o - 77 sling bullets
 x - 3 curare-tipped darts (quivered)
 B - 39 poisoned darts
Armour
 k - a +0 cloak (worn)
 N - the +0 robe of the Desolation of Salt (worn) {rF+ MP+9 Int+5}
   (You found it on level 10 of the Dungeon)

   It affects your intelligence (+5).
   It protects you from fire.
   It affects your magic capacity (+9).
Jewellery
 G - an uncursed ring of protection from fire
 J - an uncursed ring of positive energy
Wands
 v - a wand of enslavement (12)
 I - a wand of paralysis (6)
Scrolls
 e - a scroll of random uselessness
 f - 2 scrolls of enchant armour {unknown}
 h - 4 scrolls of identify
 i - 4 scrolls of remove curse
 p - a scroll of amnesia {unknown}
 r - 4 scrolls of blinking
 s - a scroll of noise {unknown}
 u - 4 scrolls of fog {unknown}
 y - a scroll of fear {unknown}
 A - 3 scrolls of teleportation {unknown}
 C - 4 scrolls of magic mapping {unknown}
 D - a scroll of summoning {unknown}
 M - a scroll of brand weapon {unknown}
Potions
 d - a potion of mutation {unknown}
 j - a potion of berserk rage {unknown}
 l - a potion of haste {unknown}
 m - a potion of magic {unknown}
 n - a potion of flight {unknown}
 t - 10 potions of curing {unknown}
 w - 2 potions of brilliance {unknown}
 z - 4 potions of heal wounds {unknown}
 F - a potion of invisibility {unknown}
 H - a potion of cancellation {unknown}
 K - a potion of might {unknown}
Comestibles
 c - 7 rations


   Skills:
 - Level 0.1 Short Blades
 + Level 9.4 Dodging
 + Level 10.1 Stealth
 * Level 10.8 Spellcasting
 + Level 2.7 Conjurations
 + Level 2.7 Fire Magic
 + Level 2.7 Ice Magic
 - Level 4.2 Air Magic
 - Level 7.0 Poison Magic
 - Level 1.8 Invocations
 - Level 2.6 Evocations


You had 11 spell levels left.
You knew the following spells:

 Your Spells              Type           Power        Failure   Level  Hunger
a - Sting                 Conj/Pois      ####         1%          1    None
b - Poisonous Vapours     Pois/Air       #####.       1%          2    None
c - Mephitic Cloud        Conj/Pois/Air  #####...     2%          3    None
d - Olgreb's Toxic Radia  Pois           #####...     2%          4    None
e - Conjure Flame         Conj/Fire      ####....     4%          3    None
f - Freezing Cloud        Conj/Ice/Air   ####......   89%         6    #####..

Your spell library contained the following spells:

 Spells                   Type           Power        Failure   Level  Hunger
 Sandblast                Erth           ##....       4%          1    None
 Passwall                 Tmut/Erth      ##......     8%          2    None
 Stone Arrow              Conj/Erth      ###...       9%          3    None
 Venom Bolt               Conj/Pois      #####.....   19%         5    ####...
 Petrify                  Tmut/Erth      ##......     43%         4    None
 Lee's Rapid Deconstruct  Erth           ##........   80%         5    ####...
 Ring of Flames           Chrm/Fire      ###.......   100%        7    #######


Dungeon Overview and Level Annotations

Branches:
Dungeon (11/15)            Temple (1/1) D:4             Orc (0/2) D:10
  Sewer (visited)
   Lair: D:8-11

Altars:
Ashenzari
Cheibriados
Dithmenos
Elyvilon
Fedhas
Gozag
Hepliaklqana
Kikubaaqudgha
Makhleb
Nemelex Xobeh
Okawaru
Qazlal
Ru
Sif Muna
Trog
Uskayaw
Vehumet
Wu Jian
Xom
Yredelemnul
Zin
The Shining One

Shops:
D:4 :


Innate Abilities, Weirdness & Mutations

You are very small and have problems with some larger weapons.
You are too small for most types of armour.
You have supernaturally acute eyesight. (SInv)
You are a herbivore.
You cover ground extremely quickly.
You need to consume almost no food.


Message History

An acid dragon comes into view.
A sky beast comes into view.
The acid dragon moves out of view.
Found a robe and a scroll of identify.
The steam dragon breathes steam at you. The ball of steam hits you! You resist.
You hear a roar!
Found a robe.
The bullfrog is engulfed in a cloud of scalding steam.
The bullfrog is engulfed in a cloud of scalding steam.
Found 12 bolts, a scroll labeled ADOEGH YFUWN and a club.
Found 20 gold pieces.
The sky beast flickers out of sight for a moment.
You see here 20 gold pieces.
A hound comes into view.
The hound barks!
The acid dragon spits acid at you. The splash of acid hits you!
* * * LOW HITPOINT WARNING * * *
You are splashed with acid!
You die...

#?..#.#§#.#D.(#
###.Y#^#.#..###
..##§#.#.##.. ..
..#.#%#.#D#?#.#..# .
.o###...###....#
###.?.#.#.Y.# #.
#.#.#)#.#.#
#..##...###...##..#
#...@....D$.....#
h......#......###.##
#########.........#
#.##F###### #.##.#
#....# ######


You could see an acid dragon, a bullfrog, a hound and an orc.

Vanquished Creatures
  Snorg (D:10)
  3 centaur zombies
  3 centaur skeletons
  The ghost of FishyPogo the Skirmisher, an amateur DrBe of Trog (D:4)
  Grinder (D:6)
  3 hippogriffs
  2 wyverns (D:8)
  A hungry ghost (D:10)
  An ice beast (D:8)
  2 orc warriors
  2 black bears
  3 sky beasts
  4 ogres
  2 centaurs (D:6)
  2 big kobolds (Sewer)
  7 bullfrogs
  A wyvern zombie (D:7)
  A wyvern skeleton (D:6)
  2 scorpions
  2 crimson imps
  3 hounds
  2 orc priests
  2 jellies
  6 orc wizards
  5 bullfrog skeletons
  3 iguanas
  4 worker ants
  2 hound skeletons
  4 gnolls (D:2)
  13 adders
  6 shadow imps
  2 oozes
  An adder skeleton (D:4)
  6 worms
  4 leopard geckos
  30 orcs
  8 bats
  3 giant cockroaches
  5 goblins
  3 hobgoblins
  4 jackals
  2 quokkas
  7 ball pythons
  4 frilled lizards
  2 giant cockroach zombies
  13 kobolds
  10 rats
198 creatures vanquished.

Notes
Turn   | Place    | Note
-------+----------+-------------------------------------------
     0 | D:1      | CurryBlack the Spriggan Venom Mage began the quest for the
                  | Orb.
     0 | D:1      | Reached XP level 1. HP: 9/9 MP: 5/5
   706 | D:2      | Reached XP level 2. HP: 13/13 MP: 4/7
   710 | D:2      | Learned a level 2 spell: Poisonous Vapours
  1286 | D:2      | Reached XP level 3. HP: 16/16 MP: 3/8
  1805 | D:2      | Learned a level 3 spell: Mephitic Cloud
  2064 | D:2      | Found a shimmering altar of Xom.
  2091 | D:2      | Reached XP level 4. HP: 21/21 MP: 3/10
  2918 | D:3      | Reached skill level 1 in Air Magic
  2918 | D:3      | Reached XP level 5. HP: 24/24 MP: 6/12
  3013 | D:3      | Learned a level 4 spell: Olgreb's Toxic Radiance
  4206 | D:4      | Found a runed translucent gate.
  4206 | D:4      | Found a runed translucent gate.
  4206 | D:4      | Found a runed translucent gate.
  4227 | D:4      | Reached XP level 6. HP: 25/28 MP: 6/14
  4256 | D:4      | Noticed FishyPogo's ghost (amateur DrBe)
  4421 | D:4      | Reached skill level 5 in Spellcasting
  4483 | D:4      | Found Awepnit's Book Boutique.
  4520 | D:4      | Reached skill level 5 in Stealth
  4706 | D:4      | Found a staircase to the Ecumenical Temple.
  4711 | Temple   | Entered the Ecumenical Temple
  4745 | Temple   | Became a worshipper of Sif Muna the Loreminder
  4913 | D:4      | Reached skill level 5 in Dodging
  4913 | D:4      | Reached skill level 5 in Poison Magic
  4913 | D:4      | Reached XP level 7. HP: 32/32 MP: 10/16
  5300 | D:5      | Entered Level 5 of the Dungeon
  5571 | D:5      | Got a pair of smoking boots
  6052 | D:5      | Reached XP level 8. HP: 29/36 MP: 15/18
  6331 | D:6      | Found a snail-covered altar of Cheibriados.
  6385 | D:6      | Noticed Grinder
  6388 | D:6      | Found a glowing drain.
  6401 | D:6      | HP: 1/36 [bullfrog (7)]
  6405 | Sewer    | Entered a sewer
  7787 | D:6      | Paralysed by Grinder for 3 turns
  8264 | D:6      | Reached * piety under Sif Muna
  8333 | D:6      | Paralysed by Grinder for 2 turns
  8779 | D:7      | Noticed a hellwing
  8781 | D:7      | Noticed a hellwing
  8880 | D:7      | Found a basalt altar of Yredelemnul.
  9855 | D:6      | Paralysed by Grinder for 7 turns
 10157 | D:7      | Reached XP level 9. HP: 36/39 MP: 22/22
 10906 | D:7      | Reached skill level 1 in Evocations
 11162 | D:7      | Reached skill level 1 in Invocations
 11495 | D:8      | Found a glowing silver altar of Zin.
 11927 | D:8      | Learned a level 3 spell: Conjure Flame
 11934 | D:8      | Learned a level 6 spell: Freezing Cloud
 12192 | D:8      | Found a white marble altar of Elyvilon.
 12412 | D:8      | Reached skill level 1 in Conjurations
 12894 | D:8      | Reached skill level 1 in Fire Magic
 12963 | D:8      | Reached skill level 1 in Ice Magic
 13500 | D:8      | Reached ** piety under Sif Muna
 14144 | D:6      | Paralysed by Grinder for 5 turns
 14197 | D:6      | Killed Grinder
 14197 | D:6      | Reached XP level 10. HP: 37/44 MP: 24/24
 14872 | D:7      | Reached skill level 10 in Spellcasting
 14936 | D:9      | Found a sparkling altar of Nemelex Xobeh.
 14936 | D:9      | Found a radiant altar of Vehumet.
 14936 | D:9      | Found a hide-covered altar of Uskayaw.
 14962 | D:9      | Noticed a +0 hand axe
 14962 | D:9      | Noticed a +0 hand axe
 15103 | D:9      | Found a snail-covered altar of Cheibriados.
 15909 | D:4      | Killed FishyPogo's ghost
 16777 | D:10     | Entered Level 10 of the Dungeon
 16924 | D:10     | Found a staircase to the Orcish Mines.
 17189 | D:10     | Found an opulent altar of Gozag.
 17246 | D:10     | Noticed Snorg
 17330 | D:10     | Killed Snorg
 17330 | D:10     | Reached skill level 10 in Stealth
 17804 | D:10     | Got an opalescent robe
 17856 | D:11     | Identified the +0 robe of the Desolation of Salt {rF+ MP+9
                  | Int+5} (You found it on level 10 of the Dungeon)
 17886 | D:11     | Found Degurghi's General Store.
 18016 | D:11     | Noticed a skeletal warrior
 18016 | D:11     | Noticed a skeletal warrior
 18016 | D:11     | Noticed a skeletal warrior
 18017 | D:11     | Noticed a skeletal warrior
 18072 | D:11     | Splashed by an acid dragon's acid

Levels and vault maps discovered:
D:1:      lightli_arrival_quake, layout_loops_ring
D:2:      layout_basic, nicolae_overflow_crystal_walls
D:3:      layout_loops_corners
D:4:      layout_cave_pools, minmay_temple_entry_nine_rooms, first_ration,
          gammafunk_ghost_necromancy, serial_shops, nicolae_shop_trees
D:5:      layout_basic
D:6:      layout_cave_pools, cheibrodos_sewer_entry_drain, cheibriados_altar_1,
          uniq_grinder
D:7:      cheibrodos_grave_circle, layout_loops_corners, lemuel_doored_altar
D:8:      layout_rooms, nicolae_overflow_hidden_temple, lemuel_crystal_altar,
          erik_lair_dragon
D:9:      layout_cave_pools, dancing_weapons_uskayaw, lemuel_round_altar,
          chequers_temple_overflow_statue_of_worship
D:10:     layout_irregular_city, orc_0_dummy, grunt_gozag_breadcrumbs,
          uniq_snorg
D:11:     layout_basic, serial_shops, shop, portal_ice_cave_rime,
          minmay_starry_boxes
Temple:   eino_temple_lava

Skill      XL: |  1  2  3  4  5  6  7  8  9 10 |
---------------+-------------------------------+-----
Spellcasting   | 3 4 5 6 8 9 10 | 10.8
Dodging        | 4 5 6 8 9 |  9.4
Stealth        | 4 5 6 7 9 10 | 10.1
Poison Magic   | 4 5 7 |  7.0
Air Magic      | 1 2 3 4 |  4.2
Evocations     | 2 |  2.6
Invocations    | 1 |  1.8
Conjurations   | 1 2 |  2.7
Fire Magic     | 1 2 |  2.7
Ice Magic      | 1 2 |  2.7
Short Blades   | |  0.1

Action                   |  1- 3 |  4- 6 |  7- 9 | 10-12 || total
-------------------------+-------+-------+-------+-------++-------
Melee: Unarmed           |    20 |       |       |       ||    20
       Dagger            |       |    68 |   363 |   111 ||   542
 Fire: Shortbow          |       |       |   159 |    43 ||   202
 Cast: Sting             |    69 |    33 |    24 |       ||   126
       Poisonous Vapours |     7 |    29 |    79 |    20 ||   135
       Conjure Flame     |       |       |    11 |    23 ||    34
       Mephitic Cloud    |       |       |     1 |       ||     1
  Use: Scroll            |       |       |     1 |     5 ||     6
 Stab: Sleeping          |       |     8 |    11 |     8 ||    27
       Distracted        |       |     1 |     2 |       ||     3
  Eat: Ration            |       |     1 |     5 |     1 ||     7
Armor: Robe              |     4 |     5 |    28 |     7 ||    44
Dodge: Dodged            |    39 |    49 |   439 |   104 ||   631
